 Dungeon Crawl Stone Soup version 0.31-a0-174-g85c54bcb58 (webtiles) character file.

Game seed: 18153586943286887119

52 qw the Shooter (level 3, -1/32 HPs)
             Began as a Naga Hunter on June 15, 2023.
             Slain by a gnoll
             ... wielding a +0 whip
              (6 damage)
             ... on level 2 of the Dungeon.
             The game lasted 00:00:21 (832 turns).

qw the Shooter (Naga Hunter)                         Turns: 832, Time: 00:00:22

Health: -1/32      AC:  3    Str: 13    XL:     3   Next: 85%
Magic:  3/3        EV:  9    Int:  9    God:
Gold:   57         SH:  0    Dex: 16    Spells: 2/2 levels left

rFire   . . .        Y - +0 shortbow
rCold   . . .        (shield currently unavailable)
rNeg    . . .        c - +0 leather armour
rPois   +            h - +0 helmet
rElec   .            (no cloak)
rCorr   .            (no gloves)
SInv    +            (no barding)
Will    .....        (no amulet)
Stlth   ++           (no ring)
HPRegen 0.25/turn    (no ring)
MPRegen 0.08/turn

%: no passive effects
@: very slow
A: AC +1, large, see invisible, deformed body, poison resistance, slowness 2,
spit poison 1, naga tail 1
a: Spit Poison


You were on level 2 of the Dungeon.
You visited 1 branch of the dungeon, and saw 2 of its levels.

You collected 57 gold pieces.


Innate Abilities, Weirdness & Mutations

Your serpentine skin is tough. (AC +1)
You have supernaturally acute eyesight. (SInv)
Armour fits poorly on your strangely shaped body.
Your system is resistant to poisons. (rPois)
You cover ground very slowly.
You can spit poison.
You have a snake-like lower body.


   Skills:
 - Level 2.0 Fighting
 + Level 4.9 Ranged Weapons
 - Level 1.5 Dodging
 - Level 1.5 Stealth


You had 2 spell levels left.
You didn't know any spells.
Your spell library was empty.

Inventory:

Hand Weapons
 Y - a +0 shortbow (weapon)
Armour
 c - a +0 leather armour (worn)
 h - a +0 helmet (worn)
Jewellery
 b - an amulet of the acrobat
Scrolls
 d - a scroll of identify
Potions
 a - a potion of berserk rage {unknown}
 g - a potion of degeneration {unknown}
 i - a potion of curing {unknown}

Dungeon Overview and Level Annotations

Branches:
Dungeon (2/15)

Altars:
Ru


Message History

You shoot an arrow. The arrow hits the gnoll.
The gnoll is lightly wounded.
The gnoll hits you from afar with a +0 spear.
You shoot an arrow. The arrow hits the gnoll.
The gnoll is moderately wounded.
You have got your breath back.
The gnoll closely misses you. x3
825 ||| INVOKING Spit Poison.
Aiming: Spit Poison (2% risk of failure)
Press: ? - help, Shift-Dir - straight line, f/p - gnoll The splash of poison misses the gnoll.
The gnoll hits you from afar with a +0 spear.
The gnoll closely misses you.
You shoot an arrow. The arrow hits the gnoll.
The gnoll is moderately wounded.
The gnoll completely misses you.
The gnoll hits you from afar with a +0 spear.
You shoot an arrow. The arrow closely misses the gnoll.
You have got your breath back.
The gnoll misses you. The gnoll barely misses you.
828 ||| INVOKING Spit Poison.
Aiming: Spit Poison (2% risk of failure)
Press: ? - help, Shift-Dir - straight line, f/p - gnoll The splash of poison misses the gnoll.
The gnoll hits you from afar with a +0 spear. x2
You shoot an arrow. The arrow hits the gnoll.
The gnoll is heavily wounded.
The gnoll hits you from afar with a +0 spear. x2
You shoot an arrow. The arrow hits the gnoll.
The gnoll is severely wounded.
The gnoll hits you from afar with a +0 spear.
The gnoll hits you but does no damage.
You shoot an arrow. The arrow hits the gnoll!
You kill the gnoll!
The gnoll completely misses you. The gnoll barely misses you.
You shoot an arrow. The arrow hits the gnoll.
The gnoll is heavily wounded.
You have got your breath back.
The gnoll hits you with a +0 whip.
You die...

#.# # #.#.# .# .
#.#.# .# . #. #.#.#
.# . #.. #.#.# .. .
#.. #.#.# .# . #...
#.#.# .# .
##...##.#.###.#.## .
........#...@.g..# .
######......)g...# #
#.##..###)#.#
#.........# #
###..#####...####...
#.).............+
...
......>.##.....##
...
#.####......#...+
... #.##
#.####.#...#


You could see 2 gnolls.

Vanquished Creatures
  2 gnolls (D:2)
  A worm (D:2)
  A dart slug (D:2)
  An endoplasm (D:1)
  A giant cockroach (D:1)
  3 goblins
  A hobgoblin (D:1)
  A quokka (D:1)
  6 ball pythons
  5 bats
  A frilled lizard (D:1)
  2 kobolds
  3 rats
28 creatures vanquished.

Notes
Turn   | Place    | Note
-------+----------+-------------------------------------------
     0 | D:1      | qw the Naga Hunter began the quest for the Orb.
     0 | D:1      | Reached XP level 1. HP: 19/19 MP: 1/1
     0 | D:1      | 0 ||| qw: Version: 0.2-a-29-g511e9b1
     0 | D:1      | 0 ||| qw: Game counter: 5204
     0 | D:1      | 0 ||| qw: Always use a shield: true
     0 | D:1      | 0 ||| qw: God list: Okawaru
     0 | D:1      | 0 ||| qw: Allow faded altars: false
     0 | D:1      | 0 ||| qw: Do Orc after D:15 true
     0 | D:1      | 0 ||| qw: Do second Lair branch before Depths: true
     0 | D:1      | 0 ||| qw: Lair rune preference: random
     0 | D:1      | 0 ||| qw: Plans: Normal
     0 | D:1      | 0 ||| PLANNING D:1-11
    20 | D:1      | 20 ||| INVOKING Spit Poison.
    24 | D:1      | 24 ||| INVOKING Spit Poison.
    42 | D:1      | 42 ||| INVOKING Spit Poison.
    50 | D:1      | 50 ||| INVOKING Spit Poison.
    53 | D:1      | Reached skill level 4 in Ranged Weapons
    53 | D:1      | Reached XP level 2. HP: 26/26 MP: 2/2
    69 | D:1      | 69 ||| INVOKING Spit Poison.
    74 | D:1      | 74 ||| INVOKING Spit Poison.
   176 | D:1      | 176 ||| INVOKING Spit Poison.
   198 | D:1      | 198 ||| INVOKING Spit Poison.
   236 | D:1      | 236 ||| INVOKING Spit Poison.
   255 | D:1      | 255 ||| INVOKING Spit Poison.
   259 | D:1      | 259 ||| INVOKING Spit Poison.
   289 | D:1      | 289 ||| INVOKING Spit Poison.
   468 | D:1      | Found a faded altar of an unknown god.
   468 | D:1      | Noticed a blizzard demon
   469 | D:1      | 469 ||| UPGRADING to +0 helmet.
   474 | D:1      | 474 ||| READING scroll labelled XYIKUAXKEYLA.
   475 | D:1      | 475 ||| READING 3 scrolls labelled ITZUIM JOORR.
   476 | D:1      | 476 ||| READING scroll labelled UXTUMI KUCH.
   477 | D:1      | 477 ||| DROPPING scroll of butterflies.
   478 | D:1      | 478 ||| DROPPING 2 scrolls of amnesia.
   481 | D:1      | 481 ||| INVOKING Spit Poison.
   486 | D:1      | 486 ||| INVOKING Spit Poison.
   641 | D:2      | 641 ||| INVOKING Spit Poison.
   644 | D:2      | Found a sacrificial altar of Ru.
   662 | D:2      | 662 ||| INVOKING Spit Poison.
   675 | D:2      | 675 ||| INVOKING Spit Poison.
   687 | D:2      | 687 ||| INVOKING Spit Poison.
   690 | D:2      | Reached XP level 3. HP: 32/32 MP: 3/3
   694 | D:2      | 694 ||| INVOKING Spit Poison.
   705 | D:2      | 705 ||| INVOKING Spit Poison.
   774 | D:2      | 774 ||| INVOKING Spit Poison.
   784 | D:2      | 784 ||| INVOKING Spit Poison.
   798 | D:2      | 798 ||| INVOKING Spit Poison.
   817 | D:2      | 817 ||| INVOKING Spit Poison.
   822 | D:2      | 822 ||| INVOKING Spit Poison.
   825 | D:2      | 825 ||| INVOKING Spit Poison.
   828 | D:2      | 828 ||| INVOKING Spit Poison.
   830 | D:2      | HP: 5/32 [gnoll/+0 spear (6)]
   832 | D:2      | Slain by a gnoll

Levels and vault maps discovered:
D:1:      minmay_arrival_shattered_statue, layout_loops_ring,
          dreamdust_ecumenical_altar_sealed_demon,
          hangedman_decor_clover_reticule, nicolae_titane
D:2:      layout_basic, basic_altar

Skill      XL: |  1 |
---------------+----+-----
Ranged Weapons | 4 |  4.9
Fighting       | |  2.0
Dodging        | |  1.5
Stealth        | |  1.5

Action                     || total
---------------------------++-------
   Fire: Shortbow          ||    43
Ability: Spit Poison       ||    27
    Use: Scroll            ||     3
 Armour: Leather armour    ||     7
  Dodge: Dodged            ||    16

Table legend:
 A = Non-vault XP
 B = Vault XP
 C = Vault XP percentage of total XP
 D = Non-vault monster count
 E = Vault monster count
 F = Vault count percentage of total count
                 A         B        C        D         E       F
            +---------+---------+-------+---------+---------+-------
      Total |      75 |       0 |   0.0 |      28 |       0 |   0.0
            +---------+---------+-------+---------+---------+-------
        D:1 |      28 |       0 |   0.0 |      17 |       0 |   0.0
        D:2 |      47 |       0 |   0.0 |      11 |       0 |   0.0
            +---------+---------+-------+---------+---------+-------
